 Dungeon Crawl Stone Soup version 0.25-a0-62-g88673ef095 (webtiles) character file.

Game seed: 6337447068386821258, levelgen mode: deterministic

33416 iamserjio the Nimble (level 13, -6/87 HPs)
             Began as an Octopode Chaos Knight on Oct 30, 2019.
             Was a Plaything of Xom.
             Mangled by an orc warrior
             ... wielding a cursed -1 hand axe
              (13 damage)
             ... on level 2 of the Orcish Mines.
             The game lasted 00:28:35 (15620 turns).

iamserjio the Nimble (Octopode Chaos Knight)       Turns: 15620, Time: 00:28:36

Health: -6/87      AC:  4    Str: 20 (21) XL:     13   Next: 70%
Magic:  19/19      EV: 20    Int:  8 (15) God:    Xom [*.....]
Gold:   1465       SH:  4    Dex: 11 (13) Spells: 10/20 levels left

rFire    . . .     SeeInvis +   W - +4 scimitar (flame)
rCold    . . .     Gourm    .   o - +0 buckler
rNeg     + + .     Faith    .   (helmet restricted)
rPois    .         Spirit   .   (no amulet)
rElec    +         Reflect  .   g - ring of flight
rCorr    .         Harm     .   h - +2 ring of dexterity
MR       .....     Clarity  +   y - ring of wizardry
Stlth    ++........             L - ring of see invisible
HPRegen  0.64/turn              R - ring of positive energy
MPRegen  0.16/turn              T - ring of positive energy
                                U - +5 ring of strength
                                (no ring)

@: no status effects
A: almost no armour, stealthy swim, amphibious, 8 rings, constrict 8, yellow
scales 2, camouflage 1, blurry vision 1, clarity, deterioration 1, frail 1,
regeneration 1, electricity resistance, wild magic 2, gelatinous body 1,
MP-powered wands
a: Renounce Religion, Evoke Flight


You were on level 2 of the Orcish Mines.
You worshipped Xom.
You were a special plaything of Xom.
You were not hungry.

You visited 2 branches of the dungeon, and saw 15 of its levels.

You collected 1465 gold pieces.

Inventory:

Hand Weapons
 W - a +4 scimitar of flaming (weapon)
Missiles
 r - 5 throwing nets {!f}
 A - 7 javelins
 D - 6 atropa-tipped darts
 X - 5 curare-tipped darts (quivered)
Armour
 o - a +0 buckler (worn)
Magical Staves
 N - an uncursed staff of fire {unknown}
 V - a cursed staff of conjuration {unknown}
Jewellery
 g - a ring of flight (left tentacle)
 h - a +2 ring of dexterity (right tentacle)
 y - a ring of wizardry (on tentacle)
 J - an uncursed amulet of harm {unknown}
 L - a ring of see invisible (on tentacle)
 R - a ring of positive energy (on tentacle)
 T - a ring of positive energy (on tentacle)
 U - a +5 ring of strength (on tentacle)
Wands
 a - a wand of enslavement (7)
 q - a wand of iceblast (11)
 v - a wand of clouds (8)
 I - a wand of digging (6)
 K - a wand of scattershot (5)
 S - a wand of polymorph (4)
Scrolls
 e - 2 scrolls of enchant armour
 j - a scroll of blinking
 k - a scroll of teleportation {@r3}
 l - a scroll of brand weapon {unknown}
 m - 3 scrolls of enchant weapon {unknown}
 n - 3 scrolls of magic mapping {unknown}
 s - 8 scrolls of remove curse {@r2}
 t - 2 scrolls of fog {unknown}
 x - 4 scrolls of amnesia
 B - a scroll of immolation {unknown}
 F - 2 scrolls of random uselessness {unknown}
 G - a scroll of noise {unknown}
 Q - a scroll of vulnerability {unknown}
Potions
 c - 3 potions of flight
 d - a potion of agility
 f - 2 potions of haste
 i - 2 potions of berserk rage
 u - 4 potions of curing {@q1}
 w - a potion of degeneration {unknown}
 z - 3 potions of heal wounds {unknown}
 C - 6 potions of brilliance {unknown}
 E - 3 potions of invisibility
 M - a potion of ambrosia {unknown}
 O - 2 potions of mutation {unknown}
 P - 2 potions of lignification {unknown}
 Z - a potion of cancellation {unknown}
Miscellaneous
 p - a lightning rod (4/4)
Comestibles
 b - 26 rations


   Skills:
 - Level 12.0 Fighting
   Level 3.0(7.8) Short Blades
 * Level 11.2(11.3) Long Blades
 - Level 13.0 Dodging
 - Level 4.0 Shields
 - Level 4.0 Spellcasting
 - Level 5.1 Charms
 - Level 2.0 Translocations
 - Level 6.0 Evocations


You had 10 spell levels left.
You knew the following spells:

 Your Spells              Type           Power        Failure   Level  Hunger
a - Regeneration          Chrm/Necr      #.........   21%         3    ###....
b - Song of Slaying       Chrm           ###.....     5%          2    ###....
c - Spectral Weapon       Hex/Chrm       #.......     21%         3    ###....
d - Shroud of Golubria    Chrm/Tloc      ##....       9%          2    ###....

Your spell library contained the following spells:

 Spells                   Type           Power        Failure   Level  Hunger
 Infusion                 Chrm           ###.         4%          1    #......
 Shock                    Conj/Air       #...         21%         1    #......
 Gell's Gravitas          Tloc           #.........   26%         3    ###....
 Conjure Flame            Conj/Fire      #.......     45%         3    ###....
 Dazzling Spray           Conj/Hex       #.....       45%         3    ###....
 Throw Icicle             Conj/Ice       #.......     82%         4    #####..
 Bolt of Cold             Conj/Ice       #.........   100%        6    #######


Dungeon Overview and Level Annotations

Branches:
Dungeon (13/15)            Temple (0/1) D:7            Lair (0/6) D:9
    Orc (2/2) D:12            Elf (0/3) Orc:2
 Vaults: D:13-14

Altars:
Cheibriados
Gozag
Kikubaaqudgha
Nemelex Xobeh
Sif Muna
Wu Jian
Xom
Yredelemnul

Shops:
Orc:2 %

Annotations:
D:9 exclusion: fire dragon


Innate Abilities, Weirdness & Mutations

You cannot wear most types of armour.
You are very stealthy in the water. (Stealth+)
You are amphibious.
You can wear up to eight rings at the same time.
You can use your tentacles to constrict eight enemies at once.
Your skin changes colour to match your surroundings (Stealth+).
Your rubbery body absorbs attacks. (AC +1, EV +1)
You are mostly covered in yellow scales. (AC +3)
Scrolls take you a little longer to read.
You possess an exceptional clarity of mind.
Your body sometimes deteriorates upon taking damage.
You are frail. (-10% HP)
Your natural rate of healing is unusually fast.
You are resistant to electric shocks. (rElec)
Your spells are harder to cast, but more powerful.
You expend magic power (3 MP) to strengthen your wands.


Message History

The orc knight hits you with a +3 halberd!
Your body deteriorates!
You feel dopey. The orc warrior barely misses you.
You riposte.
You hit the orc warrior. You burn the orc warrior.
Your grab misses the orc warrior. Your squeeze misses the orc warrior.
You hit the orc knight. You burn the orc knight.
You constrict the orc knight, but do no damage.
The orc priest calls upon Beogh to heal the orc knight.
The orc knight is healed somewhat.
The orc knight hits you with a +3 halberd!!
* * * LOW HITPOINT WARNING * * *
Xom is amused.
Your body deteriorates!
You feel dopey.
A shower of butterflies erupts from you!
You hit the orc knight. You burn the orc knight. You squeeze the orc knight!
You kill the orc knight!
You feel your dexterity returning.
The orc warrior hits you with a cursed -1 hand axe!
You die...
Xom laughs nastily!

#......................#..##
.))........................#
..)........................#
..........................##
#.................)......).#
#.............b............#
....#.........b)..).......##
..#..................))))##
##...........)..@....).)).##
#......##....b.o)ob....#)).#
.......##......bo(....##))##
..#....#######..(#######).##
..##...# ##.......## #...#
.####..# #..#.oo#..# #..(#
## ##.# ##.....o..o## ##.##
### #...#...#...# ###
##.o.........##


You could see an orc knight, 3 orc warriors and 2 orc priests.

Vanquished Creatures
  Azrael (D:13)
  Josephine (Orc:2)
  Erolcha (D:13)
  Harold (D:9)
  A hydra (D:12)
  3 two-headed ogres
  An orc high priest (Orc:2)
  An unseen horror (D:10)
  A deep elf archer (D:13)
  Pikel (D:8)
  5 orc knights
  A mana viper (D:12)
  2 deep elf magi
  3 ugly things
  2 cyclopes (D:12)
  A manticore (D:9)
  A salamander (D:8)
  A gargoyle (D:13)
  A kobold demonologist (D:13)
  A komodo dragon (D:12)
  An efreet (D:13)
  3 meliai (D:13)
  A queen bee (D:13)
  5 trolls
  4 slime creatures (D:12)
  4 hippogriffs
  A shadow (D:13)
  4 wraiths
  A spriggan (D:12)
  2 fire elementals
  A vampire (D:13)
  Eustachio (D:4)
  10 yaks
  7 wargs
  An acid dragon (D:13)
  A floating eye (Orc:2)
  A water moccasin (D:5)
  Duvessa (D:5)
  4 hell hounds
  3 ice beasts
  21 orc warriors
  2 sky beasts
  2 slaves (D:8)
  A black bear (D:7)
  11 ogres
  A phantom (D:13)
  A necrophage (D:9)
  7 bullfrogs
  5 big kobolds
  A gnoll sergeant (D:9)
  Dowan (D:5)
  2 scorpions
  A wyvern skeleton (D:9)
  A troll skeleton (D:9)
  21 killer bees
  12 wights
  4 howler monkeys
  2 bullfrog zombies
  8 crimson imps
  A quasit (D:2)
  4 centaur zombies
  4 jellies
  20 orc priests
  5 hounds
  3 centaur skeletons
  4 human zombies (D:9)
  A human skeleton (D:9)
  21 orc wizards
  4 iguanas
  15 worker ants
  A hound skeleton (D:7)
  5 mummies (D:9)
  A howler monkey skeleton (D:4)
  A worker ant zombie (D:5)
  15 gnolls
  11 adders
  4 shadow imps
  An ooze (D:3)
  An adder zombie (D:6)
  4 adder skeletons
  2 worms
  A dart slug (D:3)
  2 leopard geckos
  73 orcs
  5 giant cockroaches
  2 goblins
  12 hobgoblins
  11 jackals
  17 kobolds
  4 quokkas
  3 ball pythons
  6 bats
  9 frilled lizards
  A leopard gecko skeleton (D:8)
  A leopard gecko zombie (D:5)
  A quokka skeleton (D:5)
  10 rats
476 creatures vanquished.

Vanquished Creatures (collateral kills)
  A two-headed ogre (D:12)
  A shadow (D:13)
  A slave (D:8)
  A phantom (D:4)
  A big kobold (D:13)
  A killer bee (D:8)
  A howler monkey (D:4)
  A jelly (D:8)
  A crimson imp (D:4)
  An adder (D:12)
  3 orcs
  5 kobolds (D:13)
  A quokka (D:12)
19 creatures vanquished.

Vanquished Creatures (others)
  An orc warrior (Orc:2)
1 creature vanquished.

Grand Total: 496 creatures vanquished

Notes
Turn   | Place    | Note
-------+----------+-------------------------------------------
     0 | D:1      | iamserjio the Octopode Chaos Knight began the quest for the
                  | Orb.
     0 | D:1      | Reached XP level 1. HP: 16/16 MP: 1/1
   198 | D:1      | XOM: harmless Pois miscast
   201 | D:1      | XOM: 6-stop teleportation journey
   224 | D:1      | Reached XP level 2. HP: 15/21 MP: 2/2
   281 | D:1      | XOM: scenery: create altars
   321 | D:1      | XOM: 2-stop teleportation journey
   359 | D:1      | XOM: give mutations
   359 | D:1      | Gained mutation: You are partially covered in slimy green
                  | scales. (AC +2) [Xom's grace]
   359 | D:1      | Gained mutation: Your spells are a little harder to cast,
                  | but a little more powerful. [Xom's grace]
   359 | D:1      | Gained mutation: You are partially covered in yellow
                  | scales. (AC +2) [Xom's grace]
   359 | D:1      | Gained mutation: You are mostly covered in yellow scales.
                  | (AC +3) [Xom's grace]
   479 | D:1      | XOM: scenery: create altars
   772 | D:2      | Reached XP level 3. HP: 27/27 MP: 3/3
   876 | D:2      | Reached skill level 1 in Shields
   883 | D:2      | Reached skill level 3 in Dodging
   888 | D:2      | Reached XP level 4. HP: 23/33 MP: 4/4
   990 | D:2      | XOM: divination: detect creatures
  1037 | D:2      | XOM: give mutations
  1037 | D:2      | Gained mutation: Your spells are harder to cast, but more
                  | powerful. [Xom's grace]
  1037 | D:2      | Gained mutation: You are covered in fur. (AC +1) [Xom's
                  | grace]
  1037 | D:2      | Gained mutation: Your natural rate of healing is unusually
                  | fast. [Xom's grace]
  1037 | D:2      | Gained mutation: You are agile. (Dex +2) [Xom's grace]
  1089 | D:2      | XOM: god gift: wand of clouds (7)
  1345 | D:2      | XOM is BORED!
  1345 | D:2      | XOM: summons 2 hostile demons
  1544 | D:2      | Reached XP level 5. HP: 38/38 MP: 5/5
  1712 | D:3      | XOM: mild Tmut miscast
  2075 | D:3      | XOM: 2-stop teleportation journey
  2349 | D:3      | Reached XP level 6. HP: 45/45 MP: 6/6
  2643 | D:4      | Noticed a phantom
  2647 | D:4      | XOM: summons 6 friendly demons
  2648 | D:4      | Reached skill level 5 in Fighting
  2665 | D:4      | Killed a phantom
  2717 | D:4      | Reached skill level 4 in Dodging
  2717 | D:4      | Reached XP level 7. HP: 44/51 MP: 7/7
  2718 | D:4      | XOM: divination: magic mapping
  2777 | D:4      | XOM: give mutations
  2777 | D:4      | Gained mutation: One of your tentacles bears a spike.
                  | [Xom's grace]
  2777 | D:4      | Gained mutation: You possess an exceptional clarity of
                  | mind. [Xom's grace]
  2777 | D:4      | Gained mutation: You have a pair of small antennae on your
                  | head. [Xom's grace]
  2832 | D:4      | XOM: scenery: create altars
  3174 | D:4      | XOM: divination: detect items
  3390 | D:4      | Noticed Eustachio
  3394 | D:4      | XOM: potion effect (berserk rage)
  3395 | D:4      | XOM: potion effect (brilliance)
  3397 | D:4      | Killed Eustachio
  3397 | D:4      | Reached skill level 5 in Dodging
  3397 | D:4      | Reached XP level 8. HP: 60/60 MP: 8/8
  3681 | D:4      | XOM: divination: magic mapping
  3860 | D:5      | Entered Level 5 of the Dungeon
  3915 | D:5      | Found an ornate altar of the Wu Jian Council.
  3982 | D:5      | You fall into a shaft and drop 3 floors!
  4231 | D:7      | Identified Nynkuh's Compendium of Dislocated Attacks
  4263 | D:7      | Reached skill level 6 in Dodging
  4586 | D:7      | XOM: mild Summ miscast
  4594 | D:7      | Found a staircase to the Ecumenical Temple.
  4690 | D:7      | XOM: mild Necr miscast
  4730 | D:6      | Reached XP level 9. HP: 66/66 MP: 9/9
  4820 | D:6      | XOM: silly message
  4873 | D:6      | Found a shimmering altar of Xom.
  4962 | D:6      | Found a sparkling altar of Nemelex Xobeh.
  5304 | D:5      | XOM: noise
  5366 | D:5      | Noticed Duvessa
  5366 | D:5      | Noticed Dowan
  5375 | D:5      | Killed Duvessa
  5406 | D:5      | XOM: summons 5 friendly demons
  5409 | D:5      | Killed Dowan
  5473 | D:5      | Reached skill level 7 in Dodging
  5559 | D:5      | XOM: silly message
  5670 | D:5      | Reached skill level 10 in Fighting
  5882 | D:5      | XOM: draining
  6184 | D:7      | XOM: harmless Necr miscast
  6225 | D:8      | XOM: fog
  6225 | D:8      | XOM: smoke on damage
  6227 | D:8      | XOM: butterfly on damage
  6304 | D:8      | XOM: give mutation
  6304 | D:8      | Lost mutation: One of your tentacles bears a spike. [Xom's
                  | mischief]
  6365 | D:8      | XOM: noise
  6382 | D:8      | XOM: summons friendly shadow imp
  6398 | D:8      | Noticed a salamander
  6398 | D:8      | a spriggan baker changed into a salamander
  6398 | D:8      | XOM: polymorph spriggan baker -> salamander
  6531 | D:8      | XOM: torment (36/70 hp)
  6636 | D:8      | Killed a salamander
  6636 | D:8      | Reached skill level 8 in Dodging
  6636 | D:8      | Reached XP level 10. HP: 76/76 MP: 10/10
  6812 | D:8      | XOM: medium Necr miscast
  6877 | D:8      | Noticed Pikel
  6878 | D:8      | XOM: enchant monster (good)
  6888 | D:8      | XOM: confuse monster(s)
  6889 | D:8      | XOM: summons 2 friendly demons
  6901 | D:8      | Killed Pikel
  6901 | D:8      | Reached skill level 1 in Evocations
  6944 | D:8      | Reached skill level 9 in Dodging
  7070 | D:8      | XOM: harmless Chrm miscast
  7198 | D:8      | XOM: god gift: ring of attention {god gift}
  7231 | D:9      | Found a shimmering blue altar of Sif Muna.
  7231 | D:9      | Found a snail-covered altar of Cheibriados.
  7231 | D:9      | Found a basalt altar of Yredelemnul.
  7233 | D:9      | Found an opulent altar of Gozag.
  7233 | D:9      | Noticed a manticore
  7245 | D:9      | Killed a manticore
  7349 | D:9      | Noticed Harold
  7364 | D:9      | Killed Harold
  7513 | D:9      | Reached skill level 10 in Dodging
  7598 | D:9      | Found an ancient bone altar of Kikubaaqudgha.
  7606 | D:9      | XOM: scenery: 2 doors open, 7 doors close
  7761 | D:9      | Found a staircase to the Lair.
  7762 | D:9      | Noticed a fire dragon
  7836 | D:9      | XOM: give mutations
  7836 | D:9      | Lost mutation: You have a pair of small antennae on your
                  | head. [Xom's mischief]
  7836 | D:9      | Lost mutation: Your spells are harder to cast, but more
                  | powerful. [Xom's mischief]
  7836 | D:9      | Gained mutation: Your body sometimes deteriorates upon
                  | taking damage. [Xom's mischief]
  8164 | D:10     | Entered Level 10 of the Dungeon
  8249 | D:10     | Reached XP level 11. HP: 74/83 MP: 14/14
  8415 | D:10     | XOM: medium Hex miscast
  8664 | D:10     | Reached skill level 5 in Evocations
  8781 | D:10     | Killed an unseen horror
  8816 | D:10     | XOM: harmless Tmut miscast
  8827 | D:10     | XOM: summons 2 hostile shadow creatures
  8859 | D:10     | Learned a level 3 spell: Regeneration
  8862 | D:10     | Learned a level 2 spell: Song of Slaying
  9038 | D:10     | XOM: summons 5 hostile demons
  9039 | D:10     | Noticed a soul eater
  9063 | D:10     | XOM: harmless Ice miscast
  9184 | D:10     | XOM: give mutations
  9184 | D:10     | Lost mutation: You are covered in fur. (AC +1) [Xom's
                  | mischief]
  9184 | D:10     | Gained mutation: You are frail. (-10% HP) [Xom's mischief]
  9253 | D:11     | XOM: divination: detect items
  9261 | D:11     | Reached skill level 11 in Dodging
  9369 | D:11     | Reached skill level 1 in Spellcasting
  9369 | D:11     | Reached skill level 1 in Charms
  9490 | D:11     | XOM: 2-stop teleportation journey
  9498 | D:11     | XOM: summons 2 hostile demons
  9499 | D:11     | XOM: potion effect (invisibility)
  9512 | D:11     | XOM: confuse monster(s)
  9584 | D:11     | XOM: 1-stop teleportation journey
  9821 | D:11     | XOM: 1-stop teleportation journey
 10059 | D:12     | Noticed a cyclops
 10070 | D:12     | Killed a cyclops
 10081 | D:12     | XOM: summons friendly white imp
 10084 | D:12     | XOM: 1-stop teleportation journey
 10084 | D:12     | Noticed an eight-headed hydra
 10095 | D:12     | XOM: summons 9 friendly demons
 10101 | D:12     | XOM: swap monsters
 10106 | D:12     | XOM: enchant monster (good)
 10116 | D:12     | Killed an eight-headed hydra
 10129 | D:12     | Learned a level 3 spell: Spectral Weapon
 10213 | D:12     | Noticed a deep elf mage
 10217 | D:12     | Killed a deep elf mage
 10257 | D:12     | XOM: destruction
 10261 | D:12     | XOM: smoke on damage
 10262 | D:12     | XOM: polymorph troll -> spriggan
 10374 | D:12     | Noticed a purple ugly thing
 10386 | D:12     | Killed a purple ugly thing
 10388 | D:12     | Noticed a two-headed ogre
 10397 | D:12     | XOM: fog
 10399 | D:12     | Killed a two-headed ogre
 10399 | D:12     | Reached skill level 5 in Charms
 10464 | D:12     | Reached XP level 12. HP: 80/80 MP: 16/16
 10630 | D:12     | XOM: enchant monster (good)
 10717 | D:12     | XOM: give mutation
 10717 | D:12     | Lost mutation: You are partially covered in slimy green
                  | scales. (AC +2) [Xom's mischief]
 10798 | D:12     | XOM: swap monsters
 10866 | D:12     | Reached skill level 12 in Dodging
 10931 | D:12     | You fall into a shaft and drop 1 floor!
 10945 | D:12     | XOM: smoke on damage
 10948 | D:12     | XOM: mild Tloc miscast
 10976 | D:12     | XOM: enchant monster (good)
 10993 | D:12     | Noticed a two-headed ogre
 11000 | D:12     | XOM: cast spell 'Summon Butterflies'
 11005 | D:12     | Killed a two-headed ogre
 11079 | D:12     | XOM: enchant monster (good)
 11245 | D:12     | Found a staircase to the Orcish Mines.
 11272 | D:12     | XOM: destruction
 11273 | D:12     | XOM: divination: magic mapping
 11298 | D:12     | Reached skill level 13 in Dodging
 11648 | D:12     | XOM: scenery: create altars
 11753 | D:13     | Reached skill level 1 in Long Blades
 11766 | D:13     | XOM: cleaving
 11952 | D:13     | XOM: 6-stop teleportation journey
 12025 | D:13     | Got a faintly glowing arbalest
 12051 | D:13     | XOM: summons 6 friendly demons
 12160 | D:13     | Noticed Erolcha
 12165 | D:13     | Killed Erolcha
 12165 | D:13     | Reached skill level 5 in Long Blades
 12169 | D:13     | Noticed Azrael
 12693 | D:13     | Noticed a two-headed ogre
 12701 | D:13     | Killed a two-headed ogre
 12708 | D:13     | Learned a level 2 spell: Shroud of Golubria
 12785 | D:13     | XOM: enchant monster (bad)
 12803 | D:13     | XOM: confuse monster(s)
 12834 | D:13     | Reached skill level 1 in Translocations
 12868 | D:13     | XOM: silly message
 12928 | D:13     | XOM: potion effect (might)
 12930 | D:13     | Reached XP level 13. HP: 86/86 MP: 19/19
 13061 | D:13     | XOM: potion effect (haste)
 13072 | D:13     | XOM: harmless Tmut miscast
 13076 | D:13     | XOM: potion effect (berserk rage)
 13133 | D:13     | XOM: harmless Hex miscast
 13138 | D:13     | XOM: divination: magic mapping
 13272 | D:13     | XOM: harmless Air miscast
 13334 | D:13     | XOM: 1-stop teleportation journey
 13391 | D:13     | XOM: give mutation
 13391 | D:13     | Gained mutation: You are covered in fur. (AC +1) [Xom's
                  | grace]
 13409 | D:13     | Killed Azrael
 13614 | Orc:1    | Entered Level 1 of the Orcish Mines
 13676 | D:12     | XOM: give mutations
 13676 | D:12     | Gained mutation: You are resistant to electric shocks.
                  | (rElec) [Xom's grace]
 13676 | D:12     | Gained mutation: You expend magic power (3 MP) to
                  | strengthen your wands. [Xom's grace]
 13676 | D:12     | Gained mutation: You have a pair of small antennae on your
                  | head. [Xom's grace]
 13676 | D:12     | Gained mutation: Your spells are harder to cast, but more
                  | powerful. [Xom's grace]
 13799 | Orc:1    | XOM: give mutations
 13799 | Orc:1    | Lost mutation: You have a pair of small antennae on your
                  | head. [Xom's mischief]
 13799 | Orc:1    | Lost mutation: You are agile. (Dex +2) [Xom's mischief]
 13799 | Orc:1    | Gained mutation: Scrolls take you a little longer to read.
                  | [Xom's mischief]
 13799 | Orc:1    | Lost mutation: You are covered in fur. (AC +1) [Xom's
                  | mischief]
 13802 | Orc:1    | XOM: chaos upgrade
 13828 | Orc:1    | XOM: draining
 13907 | Orc:1    | XOM: stat loss: -1 Int (13/15)
 13917 | Orc:1    | XOM: 10-stop teleportation journey
 14428 | Orc:2    | Entered Level 2 of the Orcish Mines
 14428 | Orc:2    | Found Cewaorr's Food Shop.
 14429 | Orc:2    | Noticed Snorg
 14432 | Orc:2    | Noticed Snorg
 14432 | Orc:2    | Snorg changed into Snorg the floating eye
 14433 | Orc:2    | Paralysed by Snorg for 4 turns
 14437 | Orc:2    | Killed Snorg the floating eye
 14447 | Orc:2    | Noticed Josephine
 14534 | Orc:2    | XOM: swap monsters
 14537 | Orc:2    | XOM: swap monsters
 14541 | Orc:2    | Killed Josephine
 14569 | Orc:2    | XOM: repel stairs
 14576 | Orc:2    | Found a staircase to the Elven Halls.
 14695 | Orc:2    | XOM: summons 2 hostile shadow creatures
 14787 | Orc:2    | Noticed Sonja
 14787 | Orc:2    | XOM: harmless Hex miscast
 14789 | Orc:2    | Noticed Sonja
 14789 | Orc:2    | Sonja changed into Sonja the big kobold
 14791 | Orc:2    | Reached skill level 10 in Long Blades
 14801 | Orc:2    | Killed Sonja the big kobold
 15126 | Orc:2    | XOM: mild Erth miscast
 15281 | Orc:2    | XOM: blink monster(s)
 15292 | Orc:2    | XOM: mild Ice miscast
 15375 | Orc:2    | XOM: stat loss: -1 Int (12/15)
 15394 | Orc:2    | XOM: mild Conj miscast
 15410 | Orc:2    | XOM: mild Hex miscast
 15610 | Orc:2    | XOM: stat loss: -1 Str (20/21)
 15619 | Orc:2    | XOM: butterfly on damage
 15620 | Orc:2    | Mangled by an orc warrior

Levels and vault maps discovered:
D:1:      lightli_arrival_noodles, layout_basic
D:2:      layout_basic, grunt_ministairs_7
D:3:      layout_loops_ring, due_unseen_surprise
D:4:      layout_layer_cave, uniq_eustachio
D:5:      layout_loops_corners, first_ration, basic_altar,
          serial_bayou_crossing, uniq_duvessa
D:6:      layout_rooms, basic_altar, nemelex_lonely_heart_becter
D:7:      layout_loops_ring, temple_statues
D:8:      layout_gridville, the_bakery, uniq_pikel
D:9:      layout_loops_cross, chequers_temple_overflow_statue_of_worship,
          minmay_lair_entry_lava, lemuel_mausoleum_altar_kikubaaqudgha,
          uniq_harold
D:10:     layout_irregular_city
D:11:     layout_long_grid
D:12:     layout_long_grid, david_orc_2, chequers_serial_rivers_micro_c
D:13:     layout_cave_pools, special_room [special_room_bee],
          minmay_diced_spiral, uniq_erolcha, uniq_azrael
Orc:1:    layout_caves
Orc:2:    st_orc_pillars, layout_diamond_mine, serial_shops, shop,
          uniq_josephine, uniq_sonja, uniq_snorg

Skill      XL: |  1  2  3  4  5  6  7  8  9 10 11 12 13 |
---------------+----------------------------------------+-----
Shields        | 1 2 4 |  4.0
Fighting       | 4 5 7 8 10 11 12 | 12.0
Dodging        | 3 4 5 6 8 10 11 13 | 13.0
Evocations     | 4 6 |  6.0
Spellcasting   | 2 4 |  4.0
Charms         | 5 |  5.1
Long Blades    | 6 11 | 11.2
Translocations | 2 |  2.0
Short Blades   | |  3.0

Action                   |  1- 3 |  4- 6 |  7- 9 | 10-12 | 13-15 || total
-------------------------+-------+-------+-------+-------+-------++-------
Melee: Short sword       |    53 |   129 |   235 |   535 |       ||   952
       Constrict         |    12 |    30 |    59 |    82 |    68 ||   251
       Tentacles         |     2 |    13 |    49 |   179 |    89 ||   332
       Kick              |       |       |    65 |       |       ||    65
       Scimitar          |       |       |       |    54 |   295 ||   349
Throw: Dart              |       |       |       |    11 |     5 ||    16
       Javelin           |       |       |       |     2 |     1 ||     3
Evoke: Wand              |       |       |     5 |    29 |     8 ||    42
  Use: Scroll            |       |       |     6 |    10 |       ||    16
       Potion            |       |       |       |       |     4 ||     4
 Stab: Sleeping          |     7 |     5 |    13 |     8 |       ||    33
       Distracted        |       |       |     1 |       |     1 ||     2
       Paralysed         |       |       |    11 |    46 |     8 ||    65
       Invisible         |       |       |       |     2 |       ||     2
       Confused          |       |       |       |     2 |       ||     2
  Eat: Chunk             |       |     6 |     6 |    16 |    10 ||    38
       Ration            |       |       |     2 |     1 |       ||     3
Armor: Skin              |     6 |    37 |    44 |    61 |    17 ||   165
Dodge: Dodged            |    33 |    78 |   129 |   453 |   265 ||   958
Block: Buckler           |     3 |    20 |    38 |   107 |    64 ||   232
       Rpst.: Scimitar   |       |       |       |    19 |    70 ||    89

Table legend:
 A = Non-vault XP
 B = Vault XP
 C = Vault XP percentage of total XP
 D = Non-vault monster count
 E = Vault monster count
 F = Vault count percentage of total count
                 A         B        C        D         E       F
            +---------+---------+-------+---------+---------+-------
      Total |   31769 |   15969 |  33.5 |     391 |     102 |  20.7
            +---------+---------+-------+---------+---------+-------
        D:1 |      28 |       0 |   0.0 |      21 |       0 |   0.0
        D:2 |     134 |       7 |   5.0 |      23 |       2 |   8.0
        D:3 |     164 |       0 |   0.0 |      29 |       0 |   0.0
        D:4 |     813 |     203 |  20.0 |      30 |       1 |   3.2
        D:5 |     594 |     223 |  27.3 |      19 |       2 |   9.5
        D:6 |     455 |       0 |   0.0 |      17 |       0 |   0.0
        D:7 |    1139 |       0 |   0.0 |      20 |       0 |   0.0
        D:8 |    1208 |    1103 |  47.7 |      26 |       2 |   7.1
        D:9 |    1315 |    1496 |  53.2 |      18 |      13 |  41.9
       D:10 |    2585 |       0 |   0.0 |      22 |       0 |   0.0
       D:11 |    1853 |       0 |   0.0 |      22 |       0 |   0.0
       D:12 |   11081 |     474 |   4.1 |      45 |       8 |  15.1
       D:13 |    5740 |    5815 |  50.3 |      31 |      32 |  50.8
      Orc:1 |    2293 |     414 |  15.3 |      39 |       2 |   4.9
      Orc:2 |    2367 |    6234 |  72.5 |      29 |      40 |  58.0
            +---------+---------+-------+---------+---------+-------
